 Dungeon Crawl Stone Soup version 0.25.0-3-gd7cc5688da (webtiles) character file.

Game seed: 18227408428797793860

255 MisterFreud the Skirmisher (level 5, -2/50 HPs)
             Began as a Minotaur Gladiator on June 15, 2020.
             Slain by a wraith (10 damage)
             ... in an ossuary.
             The game lasted 00:04:22 (2873 turns).

MisterFreud the Skirmisher (Minotaur Gladiator)     Turns: 2873, Time: 00:04:22

Health: -2/50      AC:  8    Str: 19 (20) XL:     5   Next: 91%
Magic:  4/4        EV:  8    Int:  3 (5)  God:
Gold:   233        SH:  0    Dex:  8 (11) Spells: 4/4 levels left

rFire    . . .     SeeInvis .   a - +0 long sword
rCold    . . .     Gourm    .   (no shield)
rNeg     . . .     Faith    .   e - +0 chain mail
rPois    .         Spirit   .   c - +0 hat
rElec    .         Reflect  .   (no cloak)
rCorr    .         Harm     .   (no gloves)
MR       .....                  (no boots)
Stlth    ..........             (no amulet)
HPRegen  0.16/turn              (no ring)
MPRegen  0.09/turn              (no ring)

@: brilliant, slowed, very slow
A: retaliatory headbutt, horns 2
a: no special abilities


You were in an ossuary.
You were hungry.

You visited 1 branch of the dungeon, and saw 4 of its levels.
You also visited: Ossuary.

You collected 233 gold pieces.

Inventory:

Hand Weapons
 a - a +0 long sword (weapon)
Missiles
 d - 3 throwing nets (quivered)
Armour
 b - a +0 leather armour
 c - a +0 hat (worn)
 e - a +0 chain mail (worn)
Jewellery
 i - an uncursed ring of see invisible {unknown}
 o - a cursed ring of attention {unknown}
 t - an uncursed amulet of the acrobat {unknown}
Scrolls
 g - 2 scrolls of amnesia {unknown}
 j - 5 scrolls of identify {unknown}
 m - a scroll of random uselessness {unknown}
 p - a scroll of remove curse {unknown}
 q - a scroll of fear {unknown}
 s - a scroll of immolation {unknown}
 w - a scroll of summoning {unknown}
Potions
 h - a potion of degeneration
 k - a potion of magic {unknown}
 l - a potion of cancellation
 n - a potion of stabbing {unknown}
 r - a potion of curing
 u - 2 potions of invisibility
 v - a potion of ambrosia {unknown}
 x - a potion of brilliance
 z - a potion of lignification {unknown}
Comestibles
 f - 5 rations


   Skills:
 - Level 6.0 Fighting
 + Level 5.8 Long Blades
 - Level 2.0 Throwing
 - Level 3.2 Dodging


You had 4 spell levels left.
You didn't know any spells.
Your spell library was empty.

Dungeon Overview and Level Annotations

Branches:
Dungeon (4/15)            Ossuary (1/1)
 Temple: D:4-7

Altars:


Innate Abilities, Weirdness & Mutations

You reflexively headbutt those who attack you in melee.
You have a pair of horns on your head.


Message History

It was a potion of degeneration.
There was something very wrong with that liquid.
You feel weakened.
You feel dopey.
You feel clumsy.
The wraith barely misses you. x2; You riposte.
You hit the wraith. Your headbutt misses the wraith.
The wraith is lightly damaged.
It was a potion of cancellation.
Your magical effects are unravelling.
You feel magically purged.
Your magical contamination has completely faded away.
You feel yourself speed up.
You flicker back into view.
The wraith hits you.
* * * LOW HITPOINT WARNING * * *
The wraith drains your vigour!
You feel yourself slow down.
You feel better. The wraith hits you but does no damage.
The wraith barely misses you.
It was a potion of brilliance.
You feel clever all of a sudden. The wraith hits you!
You die...

#####################
#....................
#.∩..................
#.......#####'#####.
#......##...@.....#
#.....##...##W##...#
#....##...##...##...#
#....#...##.!??.##...
#....+.. #.???!!.# ..
#....#. ##.??..## .
#....## .##...##.
#.....##...#####...
#......##.. ..##


You could see a wraith.

Vanquished Creatures
  A scorpion (D:4)
  A bullfrog skeleton (D:4)
  A worker ant (D:4)
  A mummy (Ossuary)
  4 adders
  2 oozes
  A worm (D:3)
  2 dart slugs (D:1)
  2 leopard geckos
  8 bats
  3 giant cockroaches
  21 goblins
  14 hobgoblins
  A jackal (D:2)
  2 ball pythons
  3 frilled lizards
  4 gnoll skeletons (Ossuary)
  7 kobolds
  4 kobold skeletons (Ossuary)
  9 orc skeletons (Ossuary)
  6 rats
  A plant (D:2)
98 creatures vanquished.

Notes
Turn   | Place    | Note
-------+----------+-------------------------------------------
     0 | D:1      | MisterFreud the Minotaur Gladiator began the quest for the
                  | Orb.
     0 | D:1      | Reached XP level 1. HP: 18/18 MP: 0/0
    56 | D:1      | Reached skill level 3 in Fighting
    62 | D:1      | Reached XP level 2. HP: 19/26 MP: 1/1
   438 | D:1      | Reached skill level 4 in Fighting
   541 | D:1      | Reached XP level 3. HP: 31/34 MP: 2/2
  1026 | D:2      | Reached skill level 5 in Fighting
  1210 | D:2      | Reached XP level 4. HP: 42/42 MP: 3/3
  2084 | D:3      | Reached skill level 6 in Fighting
  2459 | D:4      | Reached XP level 5. HP: 43/50 MP: 4/4
  2468 | D:4      | Found a sand-covered staircase.
  2475 | D:4      | Reached skill level 5 in Long Blades
  2485 | Ossuary  | Entered an ossuary
  2485 | Ossuary  | Noticed a wraith
  2485 | Ossuary  | Noticed a wraith
  2485 | Ossuary  | Noticed a wraith
  2855 | Ossuary  | Noticed a wraith
  2871 | Ossuary  | HP: 1/50 [wraith (5)]
  2873 | Ossuary  | Slain by a wraith

Illustrated notes

Levels and vault maps discovered:
D:1:      wheals_arrival_linesprint, layout_loops_cross
D:2:      layout_rooms, serial_bayou, serial_bayou_pond_b,
          serial_bayou_lagoon_a, serial_bayou_crossing, serial_bayou_pond_d
D:3:      cheibrodos_greedy_goblins, layout_loops_cross
D:4:      layout_basic, minmay_temple_entry_crystal_x, first_ration,
          enter_ossuary_1, ebering_ghost_inner_flame, serial_bayou_pond_b,
          chequers_jeans, dk_noncrumbling_3, tgw_xom, uniq_duvessa, uniq_ijyb
Ossuary:  ossuary_due_mausoleum

Skill      XL: |  1  2  3  4  5 |
---------------+----------------+-----
Fighting       | 3 4 5 6 |  6.0
Long Blades    | 4 5 |  5.8
Throwing       | |  2.0
Dodging        | |  3.2

Action                   |  1- 3 |  4- 6 || total
-------------------------+-------+-------++-------
Melee: Long sword        |    77 |   168 ||   245
       Headbutt          |    11 |    36 ||    47
  Use: Potion            |       |     6 ||     6
  Eat: Chunk             |     1 |     5 ||     6
Armor: Leather armour    |     7 |       ||     7
       Chain mail        |    64 |    77 ||   141
Dodge: Dodged            |    39 |    73 ||   112
       Rpst.: Long sword |    12 |    23 ||    35
